Cogmind - Beta 16 @@@ ROGUE MODE // 2025.12.01 @ 00:17:32 Player: shapeshifter Result: Destroyed by G-34 Mercenary with Small Laser Performance ------------- Evolutions (0) 0 Regions Visited (1) 200 Robots Destroyed (26) 130 Value Destroyed (568) 568 Prototype IDs (0) 0 Alien Tech Used (0) 0 Bonus (0) 0 TOTAL SCORE: 898 Bonus ------- None Cogmind --------- Core Integrity 0/250 Matter 280/300 Energy 265/265 System Corruption 0% Temperature Hot (250) Movement Treading (160) Location -10/Materials Parts ------- > --- POWER (1) -------- Improved Ion Engine > --- PROPULSION (2) --- Light Treads Light Treads > --- UTILITY (2) ------ Heat Sink Large Storage Unit > --- WEAPON (2) ------- Particle Gun Particle Gun > --- INVENTORY (15) --- Improved Ion Engine Medium Matter Pod (100) Improved Terrain Scanner Light Armor Plating Hacking Suite Field Recycling Unit (0) Particle Gun Particle Gun Light EM Pulse Cannon Light EM Pulse Cannon Light EM Pulse Cannon Light EM Pulse Cannon Datajack Peak State ------------ > --- POWER ------------ Improved Ion Engine > --- PROPULSION ------- Light Treads Light Treads > --- UTILITY ---------- Large Storage Unit Light Armor Plating > --- WEAPON ----------- Particle Gun Particle Gun > --- INVENTORY -------- Improved Ion Engine Heat Sink Medium Matter Pod Improved Terrain Scanner Hacking Suite Field Recycling Unit Particle Gun Particle Gun Light EM Pulse Cannon Light EM Pulse Cannon Light EM Pulse Cannon Light EM Pulse Cannon Datajack [Rating: 12] Favorites ----------- Power Improved Ion Engine Engine Improved Ion Engine Propulsion Light Treads Treads Light Treads Utility Large Storage Unit Device Seismic Detector Storage Large Storage Unit Protection Light Armor Plating Weapon Light Assault Rifle Energy Gun Medium Laser Ballistic Gun Light Assault Rifle Build | -11 -10 ------- Run | Yrd Mat Slots Evolved . | . . Power . | . . Propulsion . | . . Utility . | . . Weapon . | . . Parts Attached 20 | 7 13 Power 3 | 1 2 Engine 3 | 1 2 Core . | . . Reactor . | . . Propulsion 4 | 2 2 Treads 4 | 2 2 Leg . | . . Wheel . | . . Hover . | . . Flight . | . . Utility 7 | 2 5 Device 2 | 1 1 Storage 3 | 1 2 Processor . | . . Hackware . | . . Protection 2 | . 2 Artifact . | . . Weapon 6 | 2 4 Energy Gun 4 | 2 2 Energy Cannon . | . . Ballistic Gun 2 | . 2 Ballistic Cannon . | . . Launcher . | . . Special Weapon . | . . Impact Weapon . | . . Slashing Weapon . | . . Piercing Weapon . | . . Special Melee Weapon . | . . Unidentified Prototypes . | . . Parts Lost 4 | . 4 Power . | . . Propulsion 2 | . 2 Utility . | . . Weapon 2 | . 2 Highest Loss Streak 2 | . 2 To Critical Strikes . | . . Average Backups 12 | 2 13 Power 1 | . 1 Propulsion . | . . Utility 4 | . 4 Weapon 6 | . 7 Tool/Special . | . . Unused Backups 16 | 1 15 Power 2 | . 2 Propulsion 1 | 1 . Utility 5 | . 5 Weapon 7 | . 7 Tool/Special 1 | . 1 Average Slot Usage (%) 92 | . 92 Engine 14 | . 14 Treads 21 | . 21 Device 2 | . 2 Storage 14 | . 14 Protection 11 | . 11 Energy Gun 8 | . 8 Ballistic Gun 18 | . 18 Peak Build Rating 12 | 7 12 Average Rating 9 | 4 9 On Entrance 3 | . 7 Avg Prop Armor Cover (%) . | . . Naked Turns . | . . Heaviest Build 36 | 14 36 Greatest Support 40 | 40 40 Greatest Overweight (x) 1 | . 1 Average Overweight (x) . | . . Largest Inventory Capacity 15 | 8 15 Average Capacity 14 | 7 14 Most Carried 15 | 5 15 Average Carried 12 | 2 13 Final Capacity 15 | 8 15 Final Carried 13 | 3 13 Class Distribution -------------------- 96% | Mutant 3% | Scavenger-Mutant Dominant Class ---------------- Mutant | -10/Materials Resources | -11 -10 ----------- Run | Yrd Mat Matter Collected 588 | 243 345 Remotely . | . . Salvage Created 759 | 24 735 Parts 53 | 5 48 Haulers Intercepted 1 | . 1 Recyclers Shooed 2 | . 2 Parts Field Recycled . | . . Retrieved Matter . | . . Parts Self-Destructed . | . . Prevented . | . . Parts Restored . | . . Kills | -11 -10 ------- Run | Yrd Mat Combat Hostiles Destroyed 21 | . 21 Guns 21 | . 21 Classes Destroyed 6 | 1 5 Tunneler 1 | 1 . Hauler 1 | . 1 Operator 1 | . 1 Watcher 2 | . 2 Swarmer 9 | . 9 Grunt 12 | . 12 Best Kill Streak 6 | 1 6 Combat Bots Only 6 | . 6 Max Kills in Single Turn 1 | 1 1 Gunslinging . | . . Exploded . | . . Melee . | . . Uniques/NPCs Destroyed . | . . Combat | -11 -10 -------- Run | Yrd Mat Hostile Shots Fired 153 | . 153 Missed 30 | . 30 Hits 123 | . 123 Projectile 123 | . 123 Damage Taken 1203 | . 1203 Core 259 | . 259 Absorbed by Shields . | . . Core Remaining (%) 100 | 100 . Volleys Fired 105 | 7 98 Largest 2 | 2 2 Hottest 130 | 90 130 Shots Fired 195 | 14 181 Gun 195 | 14 181 Cannon . | . . Launcher . | . . Special . | . . Kinetic 124 | . 124 Thermal 71 | 14 57 Explosive . | . . Electromagnetic . | . . Robot Hit Streak 13 | 7 13 Robot Miss Streak 5 | 1 5 Penetration Max . | . . Secondary Targets 6 | . 6 Max Gunslinging Chain 1 | . 1 Shots Hit Robots 129 | 11 118 Core Hits 46 | 2 44 Critical Kills . | . . Critical Parts Destroyed . | . . Critical Strikes 4 | . 4 Burn 4 | . 4 Melee Attacks . | . . Impact . | . . Slashing . | . . Piercing . | . . Sneak Attacks . | . . Combat Hostiles . | . . Follow-up Attacks . | . . Damage Inflicted 1303 | 143 1160 Guns 1303 | 143 1160 Cannons . | . . Explosions . | . . Melee . | . . Ramming . | . . Kinetic 655 | . 655 Thermal 648 | 143 505 Explosive . | . . Electromagnetic . | . . Impact . | . . Slashing . | . . Piercing . | . . Highest Corruption . | . . Average Corruption . | . . Corruption Purged . | . . Corruption Blocked . | . . Overload Shots . | . . Overflow Damage . | . . Projectiles . | . . Explosions . | . . Melee . | . . Knockbacks . | . . Impact . | . . Kinetic . | . . Secondary . | . . Self-Inflicted Damage . | . . Shots . | . . Rammed . | . . Targets Rammed . | . . Kicked . | . . Crushed . | . . Highest Temperature 244 | 210 244 Average Temperature 68 | 105 64 Received Heat Transfer 426 | . 426 Effects 2 | . 2 Interference 2 | . 2 Siege Activations . | . . Martial Activations . | . . Shielding Activations . | . . Robots Disrupted . | . . Combat Hostiles . | . . Robots Corrupted . | . . Combat Hostiles . | . . Parts Fried . | . . Impact Corruptions . | . . Robots Melted . | . . Combat Hostiles . | . . Parts Melted 2 | . 2 Heat Transferred 1990 | 384 1606 Parts Sabotaged . | . . Parts Stolen . | . . Parts Stripped . | . . Power Chain Reactions . | . . Alert | -11 -10 ------- Run | Yrd Mat Maximum Alert Level . | . . Low Security (%) 100 | 100 100 Level 1 . | . . Level 2 . | . . Level 3 . | . . Level 4 . | . . Level 5 . | . . High Security . | . . Max Security . | . . Peak Influence 182 | 5 182 Initial . | . . Average 94 | . 102 Influence Increases 638 | 5 633 Destroy 0b10 Robot/C 420 | . 420 Destroy 0b10 Robot/NC 25 | 5 20 Destroy Leader 96 | . 96 Successful Hack 7 | . 7 Select Force Hacks 30 | . 30 Lose Combat Pursuer 60 | . 60 Influence Decreases 477 | 5 472 Time Decay 437 | 5 432 Lost Part 40 | . 40 Squads Dispatched 5 | . 5 Investigation 4 | . 4 Extermination . | . . Reinforcement 1 | . 1 Assault . | . . Garrison . | . . Intercept . | . . Searches Triggered . | . . Construction Impeded . | . . Haulers Reinforced . | . . Active Scanning Responses . | . . Cargo Convoy Interrupts . | . . Stealth | -11 -10 --------- Run | Yrd Mat Distress Signals 2 | . 2 Communications Jammed . | . . Distress Signals . | . . Times Spotted 36 | . 36 Peak Tracking Total 6 | . 6 Tactical Retreats 3 | . 3 Traps | -11 -10 ------- Run | Yrd Mat Traps Triggered 3 | . 3 Indirectly . | . . Trap Hack Attempts . | . . Triggered . | . . Disarmed . | . . Reprogrammed . | . . Reused . | . . Traps Extracted . | . . Installed . | . . Triggered . | . . Machines | -11 -10 ---------- Run | Yrd Mat Machines Disabled . | . . Max in Single Turn . | . . Machines Repaired . | . . Machines Dismantled . | . . Machines Sabotaged . | . . Overloaded Fab Kills . | . . Hacking | -11 -10 --------- Run | Yrd Mat Machines Accessed 4 | . 4 Terminals 3 | . 3 Fabricators . | . . Repair Stations . | . . Recycling Units 1 | . 1 Scanalyzers . | . . Garrison Access . | . . Total Hacks 11 | . 11 Successful 7 | . 7 Failed 4 | . 4 Catastrophic 1 | . 1 Database Lockouts . | . . Manual 10 | . 10 Terminals 9 | . 9 Fabricators . | . . Repair Stations . | . . Recycling Units 2 | . 2 Scanalyzers . | . . Garrison Access . | . . Terminal Hacks . | . . Fabricator Hacks . | . . Repair Station Hacks . | . . Recycling Unit Hacks 1 | . 1 Retrieve Components 1 | . 1 Scanalyzer . | . . Garrison Access Hacks . | . . Unauthorized Hacks 6 | . 6 Terminals 5 | . 5 Botnet 2 | . 2 Skim 3 | . 3 Fabricators . | . . Repair Stations . | . . Recycling Units 1 | . 1 Tunnel 1 | . 1 Scanalyzers . | . . Garrison Access . | . . Data Cores Recovered . | . . Used . | . . Hacking Detections 3 | . 3 Full Trace Events . | . . Feedback Events . | . . Feedback Blocked . | . . Robot Schematics Acquired . | . . Robots Built . | . . Authchips . | . . Time . | . . Total Robot Build Rating . | . . Part Schematics Acquired . | . . Parts Built . | . . Authchips . | . . Time . | . . Total Part Build Rating . | . . Part Studies Acquired . | . . Parts Repaired . | . . Time . | . . Parts Recycled . | . . Recycled Matter . | . . Retrieved Matter . | . . Retrieved Components 10 | . 10 Parts Scanalyzed . | . . Part Schematics Acquired . | . . Parts Damaged . | . . Bothacking | -11 -10 ------------ Run | Yrd Mat Used RIF Installer . | . . Robots Hacked . | . . Non-combat . | . . Combat . | . . Robot Hacks Applied . | . . Relay Couplers Released . | . . Fabnet Peak Effective % . | . . Robots Rewired . | . . Allies Hacked . | . . Hacks Repelled . | . . Allies | -11 -10 -------- Run | Yrd Mat Total Allies . | . . Largest Group . | . . Highest-Rated Group . | . . Highest-Rated Ally . | . . Total Orders . | . . Ally Attacks . | . . Total Damage . | . . Kills . | . . Allies Corrupted . | . . Allies Melted . | . . Intel | -11 -10 ------- Run | Yrd Mat Active Infowar (turns) 225 | 19 206 Seismic 225 | 19 206 Robot Analysis Total . | . . Derelict Logs Recovered . | . . Drone Launches . | . . Drone Recoveries . | . . Exploration | -11 -10 ------------- Run | Yrd Mat Turns Passed 1466 | 120 1346 Spaces Moved 562 | 60 502 Core 13 | 13 . Treads 549 | 47 502 Legs . | . . Wheels . | . . Hover . | . . Flight . | . . Fastest Speed 50 | 50 160 Average Speed 186 | 136 192 Slowest Speed 240 | 160 240 Overloaded Moves . | . . Propulsion Burnouts . | . . Robots Hopped . | . . Potential Cave-ins . | . . Cave-ins Triggered . | . . Exploration Rate (%) 41 | 4 78 Regions Visited 1 Branch Regions . Pre-discovered Areas 1 | . 1 Known Exits Taken . | . . Unknown Exits Taken 1 | 1 . Scrap Searched . | . . Spaces Dug . | . . Terrain Destroyed . | . . Melee . | . . Projectile . | . . AOE . | . . Terrain Rammed . | . . Walls Destroyed . | . . Machines Disabled . | . . Actions | -11 -10 --------- Run | Yrd Mat Total 814 | 85 729 Wait 83 | . 83 Move 561 | 59 502 Hop . | . . Pick Up 33 | 11 22 Fast Attach 2 | . 2 Attach 11 | 7 4 Detach . | . . Swap 7 | . 7 Drop 12 | 1 11 Fire 105 | 7 98 Melee . | . . Ram . | . . Kick . | . . Crush . | . . Escape Stasis . | . . Rewire . | . . Trap . | . . Miscellaneous . | . . Route ------- -11/Scrapyard -10/Materials (discovered 4 exits: [*Mat x2] / [*Min x2]) History --------- Turn | Location | Event 4 | -11/Scrapyard | Discovered new exit (range 16) 121 | -11/Scrapyard | Entered Materials 305 | -10/Materials | Build established: Mutant 461 | -10/Materials | Discovered new exit (range 11) 668 | -10/Materials | Discovered new exit (range 5) 892 | -10/Materials | Discovered new exit (range 8) 1184 | -10/Materials | Core integrity fell below 50% 1323 | -10/Materials | Core integrity fell below 20% 1444 | -10/Materials | Discovered new exit (range 7) 1467 | -10/Materials | Destroyed by G-34 Mercenary with Small Laser Last Messages --------------- 01372_ K-01 Serf collects debris. 01379_ Acquired 10 matter. 01409_ Acquired Lrg. Storage Unit. 01412_ Dropped Lrg. Storage Unit. 01417_ R-06 Scavenger collects Lrg. Storage Unit. 01443_ Triggered Alarm Trap. 01443_ An alarm sounds. 01443_ ALERT: Alarm triggered, dispatching investigation squad. 01444_ EXIT=FOUND 01454_ U-05 Engineer lays Concrete. 01459_ G-34 Mercenary suffers critical hit (Burn). 01459_ U-05 Engineer lays Concrete. 01460_ G-34 Mercenary overheating. 01464_ G-34 Mercenary heat damages core (-4). 01464_ G-34 Mercenary overheating. 01465_ Heat Sink melted. 01465_ G-34 Mercenary destroyed. 01465_ Switching to secondary target: G-34 Mercenary. 01467_ Overheating: System interference. 01467_ Heat Sink temporarily disabled. Map ----- +----------------------------------------------------+ | | | | | | | | | | | | | | | | | | | ?????????????????????????????????????????????? | | ?????????????????????????????????????????????? | | ???????????????????????"" ???????????????????? | | ???????????????????????"" ???????????????????? | | ???????????????????????"" ???????????????????? | | ??????????????????????? ????????????????????? | | ??????????????????????? ????????????????????? | | ?????????????##########+#######??????????????? | | ?????????????# ??????????????? | | ?????????????# ??????????????? | | ???????????????< ??????????????? | | ????????????????? ^""" """????????###### | | ??????????????????? * """ """ ?????# "" | | ##########??????????#%g """ """ #????# "T | | # #??????????# #????# | | # = #######????# u #????#| """ | | # # ######@ """ """ +????# """ | | # # u """ """ #????# """ | | # + " """ """ ###### | | # ! # ] # """ | | # != # ###### # """ | | # != ]### ###???## """ # """ | | # #?# #?????#T """ # | | ##########?# #??????# ^ """ ###### | | ???????????#+######## ""!* #???? | | ???????????# #m "Y=! #???? | | ???????????# % # ""=! #???? | | ???????????# # [!* % #??## | | ???????????# % # #??# | | ???????????# + k ######% ##??# | | ???????????# # ##########????# #???# | | ???????????# # #?????????????# #???# | | ???????????# % # #?????????????# #???# | | ???????????# # #??????????#### ##??# | | ???????????#######+## #??????????#" #??# | | ?????????????????^ #??????????#"" #??# | | ????????????????? +??????????#|| #??## | | ????????????????? #??????????#""[ < #???? | | ????????????????######???????????#||!% #???? | | ?????????????????????????????????#"" #?### | | ?????????????????????????????????#" #?# | +----------------------------------------------------+ Best States ------------- Heat Dissipation 35 Energy Generation 12 Energy Capacity 265 Matter Stores 300 Matter Capacity 300 Sight Range 16 Terrain Scan Density 10 Armor Coverage 150 Evasion (%) 50 Recoil Reduction 2 Item Schematics ----------------- None Robot Schematics ------------------ None Fabricated ------------ Nothing Repaired ---------- Nothing Studied --------- None Alien Tech Used ----------------- None Achievements -------------- None Challenges ------------ None Game ------ Seed ComponentSalvagingCoupler Manual? 0 Play Time 00:06:20 Cumulative 579.8 hours Start 2025.12.01 @ 00:11:33 End 2025.12.01 @ 00:17:32 Sessions 1 Manual Loads 0 Difficulty Rogue Special Mode None Game No. 746 Rogue 746 Adventurer 0 Explorer 0 Win Type - Total 21 Types 10/1/2/2/2/0/2/2/0/0 Lore% 94 Gallery% 90 Achievement% 75 Wizard Run 0 Options --------- Layout 0 ASCII 0 Keyboard 0 Movement Mouse Keybinds 0 Fullscreen 1 Font 24/Terminus Map View 76x50 Zoom Use 0% Tactical HUD 1 Map Filters NONE Filters NONE Steam 1 RUN: fc44b159-e343-4e23-9d83-38b4b788ee30